 Dungeon Crawl Stone Soup version 0.19-a0-1866-ge6f2195 (webtiles) character file.

43 PurpleRed the Conjurer (level 3, 0/19 HPs)
             Began as a Kobold Conjurer on Oct 12, 2016.
             Slain by a leopard gecko (3 damage)
             ... on level 2 of the Dungeon.
             The game lasted 00:04:30 (492 turns).

PurpleRed the Conjurer (Kobold Conjurer)             Turns: 492, Time: 00:04:30

Health: 0/19       AC:  2    Str:  5    XL:     3   Next: 82%
Magic:  5/7        EV: 15    Int: 17    God:
Gold:   63         SH:  0    Dex: 19    Spells: 2 memorised, 5 levels left

rFire  . . .     SeeInvis .     f - +4 dagger
rCold  . . .     Gourm    .     a - +0 robe
rNeg   . . .     Faith    .     (shield restricted)
rPois  .         Spirit   .     (no helmet)
rElec  .         Dismiss  .     (no cloak)
rCorr  .         Reflect  .     (no gloves)
MR     .....     Harm     .     (no boots)
Stlth  ++........               (no amulet)
                                (no ring)
                                h - +4 ring of dexterity

@: no status effects
A: carnivore 3
a: no special abilities


You were on level 2 of the Dungeon.
You were full.

You visited 1 branch of the dungeon, and saw 2 of its levels.

You collected 63 gold pieces.

Inventory:

Hand Weapons
 d - a +0 mace
 f - a +4 dagger (weapon)
 g - a +1 dagger of protection
 m - a +2 whip of venom
Armour
 a - a +0 robe (worn)
Jewellery
 h - a +4 ring of dexterity (left hand)
Scrolls
 e - a scroll of identify {unknown}
 j - a scroll of enchant armour {unknown}
 k - a scroll of teleportation {unknown}
 l - 2 scrolls of remove curse {unknown}
 n - a scroll of blinking {unknown}
Potions
 i - a potion of haste {unknown}
 o - a potion of curing {unknown}
Books
 b - a book of Conjurations

   Spells                             Type                      Level
   a - Magic Dart                     Conjuration                  1
   b - Searing Ray                    Conjuration                  2
   c - Dazzling Spray                 Conjuration/Hexes            3
   d - Fulminant Prism                Conjuration/Hexes            4
   e - Iskenderun's Mystic Blast      Conjuration                  4
   f - Iskenderun's Battlesphere      Conjuration/Charms           5
Comestibles
 c - a meat ration


   Skills:
 - Level 2.4 Dodging
 - Level 2.6 Stealth
 + Level 3.1 Spellcasting
 + Level 4.6 Conjurations


You had 5 spell levels left.
You knew the following spells:

 Your Spells              Type           Power        Failure   Level  Hunger
a - Magic Dart            Conj           ###.         2%          1    None
b - Searing Ray           Conj           ###...       4%          2    ##.....


Dungeon Overview and Level Annotations

Branches:
Dungeon (2/15)

Altars:

Annotations:
D:2 Sigmund


Innate Abilities, Weirdness & Mutations

You are small and have problems with some larger weapons.
You are carnivorous and can eat meat at any time.


Message History

The leopard gecko bites you.
* * * LOW HITPOINT WARNING * * *
There is an open door here.
Casting: Magic Dart
Confirm with . or Enter, or press ? or * to list all spells.
Aiming: Magic Dart
Press: ? - help, Shift-Dir - straight line, f - leopard gecko
Aim: a leopard gecko (clinging)
The magic dart hits the leopard gecko.
The leopard gecko is moderately wounded.
The leopard gecko barely misses you.
Casting: Magic Dart
Confirm with . or Enter, or press ? or * to list all spells.
Aiming: Magic Dart
Press: ? - help, Shift-Dir - straight line, f/p - leopard gecko
Aim: a leopard gecko (moderately wounded, clinging)
The magic dart hits the leopard gecko.
The leopard gecko is heavily wounded.
The leopard gecko bites you.
You die...

##.######
#...[...#
#.......#
#.......#
#.......#
#.......#
#.......#
#......(#####
#.......@l..#
##
#.......###.#
.. #########
##+######
#........
#........


You could see a leopard gecko.

Vanquished Creatures
  2 adders (D:2)
  A dart slug (D:1)
  2 giant cockroaches
  4 goblins
  A hobgoblin (D:2)
  3 jackals
  A quokka (D:2)
  2 bats
  A frilled lizard (D:1)
  3 kobolds (D:1)
  3 rats (D:1)
23 creatures vanquished.

Notes
Turn   | Place    | Note
-------+----------+-------------------------------------------
     0 | D:1      | PurpleRed the Kobold Conjurer began the quest for the Orb.
     0 | D:1      | Reached XP level 1. HP: 10/10 MP: 3/3
   107 | D:2      | Reached XP level 2. HP: 6/15 MP: 3/5
   111 | D:2      | Learned a level 2 spell: Searing Ray
   219 | D:2      | Noticed Sigmund
   311 | D:2      | Reached XP level 3. HP: 8/19 MP: 1/7
   492 | D:2      | Slain by a leopard gecko

Vault maps used:
D:1:      minmay_arrival_five_plusses, minmay_tromino_i4
D:2:      uniq_sigmund

Skill      XL: |  1  2  3 |
---------------+----------+-----
Spellcasting   | 3 |  3.1
Dodging        | |  2.4
Stealth        | |  2.6
Conjurations   | |  4.6

Action                   || total
-------------------------++-------
Melee: Dagger            ||    28
       Mace              ||     4
       Unarmed           ||     2
 Cast: Magic Dart        ||    27
       Searing Ray       ||     2
 Stab: Sleeping          ||     3
  Eat: Chunk             ||     3
Armor: Robe              ||     8
Dodge: Dodged            ||    31
